 Dungeon Crawl Stone Soup version 0.32-a0-918-g0f22ef8d61 (webtiles) character file.

Game seed: 16574283898495639220

35 joemur96 the Trooper (level 3, -10/33 HPs)
             Began as a Draconian Berserker on Apr 9, 2024.
             Was a Follower of Trog.
             Mangled by Crazy Yiuf
             ... wielding a +4 quarterstaff of chaos
              (16 damage)
             ... on level 2 of the Dungeon on Apr 10, 2024.
             The game lasted 00:09:34 (1112 turns).

joemur96 the Trooper (Draconian Berserker)          Turns: 1112, Time: 00:09:35

Health: -10/33     AC:  5    Str: 21    XL:     3   Next: 16%
Magic:  3/3        EV: 11    Int:  7    God:    Trog [*.....]
Gold:   24         SH:  0    Dex: 10    Spells: 2/2 levels left

rFire   . . .        f - +2 short sword (protect)
rCold   . . .        (no shield)
rNeg    . . .        (body armour unavailable)
rPois   .            (helmet restricted)
rElec   .            (no cloak)
rCorr   .            (no gloves)
SInv    .            (no boots)
Will    .....        (no amulet)
Stlth   +            (no ring)
HPRegen 0.25/turn    (no ring)
MPRegen 0.08/turn

%: no passive effects
@: no status effects
A: AC +5, unfitting armour, cold-blooded
a: Renounce Religion, Berserk


You were on level 2 of the Dungeon.
You worshipped Trog.
Trog was aware of your devotion.
You visited 1 branch of the dungeon, and saw 2 of its levels.

You collected 24 gold pieces.

Inventory:

Hand Weapons
 a - a +0 spear
 e - a +0 whip
 f - a +2 short sword of protection (weapon)
 g - a +1 whip of flaming
Missiles
 i - 5 poisoned darts (quivered)
Scrolls
 c - 2 scrolls of identify
 d - a scroll of poison {unknown}
 h - 2 scrolls of amnesia {unknown}
Potions
 b - 2 potions of attraction


   Skills:
 + Level 3.6 Fighting
 + Level 0.7 Short Blades
 + Level 3.5 Polearms
 + Level 3.1 Dodging


You had 2 spell levels left.
You didn't know any spells.
Your spell library was empty.

Dungeon Overview and Level Annotations

Branches:
Dungeon (2/15)

Altars:

Annotations:
D:2 Crazy Yiuf


Innate Abilities, Weirdness & Mutations

Your plain brown scales are hard. (AC +5)
You cannot fit into any form of body armour.
You are cold-blooded and may be slowed by cold attacks.


Message History

You barely miss Crazy Yiuf.
Crazy Yiuf is lightly wounded.
Crazy Yiuf screams, "Buddy!
Defame hand ena."
Crazy Yiuf hits you but does no damage.
You are electrocuted!
You hit Crazy Yiuf.
Crazy Yiuf is moderately wounded.
Crazy Yiuf barely misses you.
You hit Crazy Yiuf but do no damage.
Crazy Yiuf is moderately wounded.
Crazy Yiuf sings, "Trees, trees, trees, circus!"
Crazy Yiuf hits you but does no damage.
You are poisoned.
You hit Crazy Yiuf but do no damage.
Crazy Yiuf is moderately wounded.
You feel very sick. Crazy Yiuf closely misses you.
You feel sick. Crazy Yiuf attacks as he pursues you!
Crazy Yiuf barely misses you.
You feel sick. Crazy Yiuf attacks as he pursues you!
Crazy Yiuf barely misses you.
You feel sick.
You feel sick.
You feel sick.
You feel sick.
You feel sick. Crazy Yiuf attacks as he pursues you!
Crazy Yiuf hits you but does no damage.
You feel sick.
You are no longer poisoned.
Crazy Yiuf attacks as he pursues you! Crazy Yiuf closely misses you.
Crazy Yiuf flaps his cloak.
Crazy Yiuf grits, "Snoogle!"
Crazy Yiuf attacks as he pursues you!
Crazy Yiuf hits you with a +4 quarterstaff of chaos.
* * * LOW HITPOINT WARNING * * *
You feel yourself slow down. Crazy Yiuf freezes you.
* * * LOW HITPOINT WARNING * * *
Crazy Yiuf barely misses you.
You feel yourself speed up.
Crazy Yiuf hits you with a +4 quarterstaff of chaos!
You die...

+...##.####............ #.##.
#....#.#..........#########.#..
###..#.#.#......†.'.........#.. .
#.....<.........###########.. ..
#.#..##.........# ... #..
#....#...#+####### #
...#####.#...#.# #.$.
#......#..####.###.##
##..............@...#
.......#..#......g..#
#........##.......###♣♣ ##
#.........##.........'.♣♣ ♣♣#..)
........#.##............♣♣♣♣.'...
..........##.............♣..♣#...
....########.........'..♣.♣♣♣ ##
.... ########.##♣♣♣♣♣ ... #.#


You could see Crazy Yiuf.

Vanquished Creatures
  A ribbon worm (D:2)
  2 ball pythons (D:2)
  6 endoplasms
  2 giant cockroaches (D:2)
  6 goblins
  2 bats (D:1)
  5 kobolds
  3 rats
27 creatures vanquished.

Notes
Turn   | Place    | Note
-------+----------+-------------------------------------------
     0 | D:1      | joemur96 the Draconian Berserker began the quest for the
                  | Orb.
     0 | D:1      | Reached XP level 1. HP: 19/19 MP: 1/1
   231 | D:1      | Reached XP level 2. HP: 26/26 MP: 2/2
   836 | D:2      | Upgraded the game from 0.32-a0-913-g739538afd8 to
                  | 0.32-a0-918-g0f22ef8d61
  1025 | D:2      | Reached XP level 3. HP: 31/31 MP: 3/3
  1088 | D:2      | Found a runed translucent door.
  1089 | D:2      | Noticed Crazy Yiuf
  1112 | D:2      | Mangled by Crazy Yiuf

Illustrated notes

Levels and vault maps discovered:
D:1:      minmay_arrival_diagonal_passages, layout_loops_cross
D:2:      layout_basic, minmay_between, uniq_crazy_yiuf_cottage, uniq_jessica

Skill      XL: |  1  2 |
---------------+-------+-----
Dodging        | 3 |  3.1
Fighting       | |  3.6
Short Blades   | |  0.7
Polearms       | |  3.5

Action                     || total
---------------------------++-------
  Melee: Spear             ||     6
         Short sword       ||    49
         Whip              ||     1
         Tailslap          ||     6
 Invoke: Berserk           ||     6
    Use: Scroll            ||     1
 Armour: Skin              ||    34
  Dodge: Dodged            ||    41

Table legend: (Time is in decaauts)
 A = Elapsed time spent in this place.
 B = Non-inter-level travel time spent in this place.
 C = Inter-level travel time spent in this place.
 D = Time resting spent in this place.
 E = Time spent auto-exploring this place.
 F = Levels seen in this place.
 G = Mean time per level.
                   A        B        C        D        E       F      G
               +--------+--------+--------+--------+--------+-----+--------+
         Total |   1167 |   1167 |      0 |    113 |    314 |   2 |  583.5 |
       Dungeon |   1167 |   1167 |      0 |    113 |    314 |   2 |  583.5 |
               +--------+--------+--------+--------+--------+-----+--------+

Top non-repeatable levels by time:
     D:1: 840 daAuts
     D:2: 326 daAuts
